Workbook

Sheet Landing page
A2: What is your gross income? | B2: 1000000
A3: What is your current taxable income after all deductions? | B3: 797600 | C3: =B2-'Possible deductions'!B15 -> 797600
C4: % of income as tax
A5: As per the Old Tax Regime, your tax is | B5: =IF(B3<500000,"Tax exempt",'Current Tax Regime_Old'!F13) -> 74900.592 | C5: =B5/B3*100 -> 9.3907462
A7: As per New 23-24 tax regime, your tax is | B7: =IF(B2<750000,"Tax Exempt",'New Tax Regime_23-24'!H13) -> 54599.844 | C7: =B7/B2*100 -> 5.4599844
A9: Difference (New - Old) | B9: =B7-B5 -> -20300.748
A11: Which is better? | B11: =IF(B9>0,"Old is better","New is better") -> New is better

Sheet Current Tax Regime_Old
A1: Tax Slabs | B1: Tax Rate | C1: Tax | D1: Comment
A2: upto ₹250000 | B2: Nil | C2: 0
A3: ₹250001-₹500000 | B3: 5% above ₹250001 | C3: 0 | D3: Exempt till ₹500000
A4: ₹500001-₹100000 | B4: ₹12500 + 20% above ₹500001 | C4: =12500+(0.2*500000) -> 112500
A5: ₹1000001++ | B5: ₹112500 + 30% above ₹1000001 | C5: =112500+(0.3*D7) -> 112500
A7: Taxable Income if above ₹1000001 | B7: 0 | C7: =B7-1000000 -> -1000000 | D7: =IF(C7>0,C7,0) -> 0
A10: Taxable income amount | B10: ='Landing page'!B3 -> 797600
A11: what tax rate
A12: income amount | B12: 2.5 to 5 | C12: 5 to 10 | D12: 10++ | E12: Total Tax | F12: Total tax including cess
A13: =B10 -> 797600 | B13: 12500 | C13: =IF(A13<1000000,(IF(A13>500000,(A13-500001)*0.2,112500))) -> 59519.8 | D13: =IF(A13>1000001,(A13-1000001)*0.3,0) -> 0 | E13: =D13+C13+B13 -> 72019.8 | F13: =E13*1.04 -> 74900.592

Sheet New Tax Regime_23-24
A1: Tax Slabs | B1: Tax Rate | C1: Tax | D1: Comment
A2: Upto ₹300000 | B2: Nil | C2: Nil
A3: ₹300001 - ₹600000 | B3: 0.05 | C3: =0.05*300000 -> 15000
A4: ₹600001 - ₹900000 | B4: 0.1 | C4: =0.1*300000 -> 30000
A5: ₹900001 - ₹1200000 | B5: 0.15 | C5: =0.15*300000 -> 45000
A6: ₹1200001 - ₹1500000 | B6: 0.2 | C6: =0.2*300000 -> 60000 | D6: Upto 15 lakhs, tax of 1.5 lakhs
A7: ₹1500001 ++ | B7: 0.3 | D7: Excess is 1.5 lakhs ++
A10: Income amount | B10: ='Landing page'!B2 -> 1000000
A11: What Tax rate
A12: Income amount | B12: 3 to 6 | C12: 6 to 9 | D12: 9 to 12 | E12: 12 to 15 | F12: 15 above | G12: Tax total | H12: Payable with 4% cess
A13: =B10-50000 -> 950000 | B13: 15000 | C13: =IF(A13<700001,("tax exempt"),IF(A13<900000,(A13-600001)*0.1,30000)) -> 30000 | D13: =IF(A13>900001,IF(A13<1200000,(A13-900001)*0.15,45000),0) -> 7499.85 | E13: =IF(A13>1200001,IF(A13<1500000,(A13-1200001)*0.2,300000*0.2),0) -> 0 | F13: =IF(A13>1500001,(A13-1500001)*0.3,0) -> 0 | G13: =B13+C13+D13+E13+F13 -> 52499.85 | H13: =G13*1.04 -> 54599.844

Sheet Possible deductions
A1: Possible Deductions to reduce taxable income
A3: 80C | B3: 150000 | C3: investments
A4: 80CCD | B4: 50000 | C4: nps
A5: 80D | B5: 75000 | C5: 25k self, 50k for senior citizen parents
A6: 80DD | B6: 125000 | C6: caring for handicapped dependent
A7: 80DDB | B7: 100000 | C7: treatement for illness, senior citizen, else only 40k
A8: 80E | B8: 70000 | C8: Interest amount of loan. Assuming 7.5 lakhs of SBI Student loan. Interest is 10.9% pa. Assuming 5 years of return period.
A9: 80U | B9: 125000 | C9: Disability more than 80%
A10: 80EEA | B10: 150000 | C10: Housing loan deduction
A11: Standard Deduction | B11: 50000
A12: Professional Tax | B12: 2400
A13: HRA | B13: =0.15*'Landing page'!B2 -> 150000 | C13: approx 15% of gross income
A15: No savings, old regime deduction | B15: =B13+B12+B11 -> 202400
